 Dungeon Crawl Stone Soup version 0.21.0-3-g78d12a8 (webtiles) character file.

9 tidbits the Magician (level 2, 0/14 HPs)
             Began as a Vine Stalker Wizard on Jan 10, 2018.
             Slain by a bullfrog (4 damage)
             ... on level 3 of the Dungeon.
             The game lasted 00:01:54 (281 turns).

tidbits the Magician (Vine Stalker Wizard)           Turns: 281, Time: 00:01:55

Health: 0/14       AC:  2    Str:  9    XL:     2   Next: 16%
Magic:  0/7        EV: 12    Int: 20    God:
Gold:   23         SH:  0    Dex: 12    Spells: 4/7 levels left

rFire    . . .     SeeInvis .   a - +0 club
rCold    . . .     Gourm    .   (no shield)
rNeg     . . .     Faith    .   e - +0 robe
rPois    .         Spirit   +   b - +0 hat
rElec    .         Reflect  .   (no cloak)
rCorr    .         Harm     .   (no gloves)
MR       +....     Rnd*Rage +   (no boots)
Stlth    ++........             (no amulet)
HPRegen  0.04/turn              (no ring)
MPRegen  0.10/turn              (no ring)

@: no status effects
A: fangs 2, berserk 1, blurry vision 1, clever 1, magic resistance 1, magic
shield, antimagic bite, no potion heal 3, rot immunity
a: no special abilities


You were on level 3 of the Dungeon.
You were not hungry.

You visited 1 branch of the dungeon, and saw 3 of its levels.

You collected 23 gold pieces.

Inventory:

Hand Weapons
 a - a +0 club (weapon)
Armour
 b - a +0 hat (worn)
 e - a +0 robe (worn)
Scrolls
 h - a scroll of remove curse {unknown}
 i - a scroll of enchant weapon {unknown}
Books
 c - a book of Minor Magic

   Spells                             Type                      Level
   a - Magic Dart                     Conjuration                  1
   b - Blink                          Translocation                2
   c - Call Imp                       Summoning                    2
   d - Slow                           Hexes                        2
   e - Conjure Flame                  Conjuration/Fire             3
   f - Mephitic Cloud                 Conjuration/Poison/Air       3
Comestibles
 d - a ration


   Skills:
 + Level 1.0 Fighting
 - Level 1.5 Dodging
 + Level 3.1 Stealth
 - Level 3.2 Spellcasting
 - Level 1.0 Conjurations
 - Level 1.0 Summonings
   Level 1.0 Translocations


You had 4 spell levels left.
You knew the following spells:

 Your Spells              Type           Power        Failure   Level  Hunger
a - Magic Dart            Conj           #...         9%          1    None
i - Call Imp              Summ           #.......     14%         2    ##.....


Dungeon Overview and Level Annotations

Branches:
Dungeon (3/15)

Altars:


Innate Abilities, Weirdness & Mutations

You have extremely sharp teeth.
When hurt, damage is shared between your health and your magic reserves.
Your bite disrupts and absorbs the magic of your enemies.
Potions cannot restore your health.
You are immune to rotting.
You tend to lose your temper in combat.
Scrolls take you a little longer to read.
Your mind is acute. (Int +2)
You are resistant to hostile enchantments. (MR+)


Message History

Found a stone staircase leading down.
There is a stone staircase leading down here.
You climb downwards.
There is a stone staircase leading up here.
Unknown command.
A goblin comes into view.
Casting: Magic Dart
Confirm with . or Enter, or press ? or * to list all spells.
Aiming: Magic Dart
Press: ? - help, Shift-Dir - straight line, f - goblin
Aim: a goblin (resting)
The magic dart hits the goblin.
The goblin is severely wounded.
The goblin shouts!
Casting: Magic Dart
Confirm with . or Enter, or press ? or * to list all spells.
Aiming: Magic Dart
Press: ? - help, Shift-Dir - straight line, f/p - goblin
Aim: a goblin (severely wounded)
The magic dart hits the goblin.
You kill the goblin!
Your Fighting skill increases to level 1!
You open the door.
A goblin comes into view. It is wielding a club.
There is an open door here.
Unknown command.
The helpless goblin fails to defend itself.
You hit the goblin. Your bite misses the goblin.
The goblin is moderately wounded.
The goblin barely misses you.
Casting: Magic Dart
Confirm with . or Enter, or press ? or * to list all spells.
Aiming: Magic Dart
Press: ? - help, Shift-Dir - straight line, f - goblin
Aim: a goblin, wielding a club (moderately wounded)
The magic dart hits the goblin.
The goblin is severely wounded.
The goblin closely misses you.
Casting: Magic Dart
Confirm with . or Enter, or press ? or * to list all spells.
Aiming: Magic Dart
Press: ? - help, Shift-Dir - straight line, f/p - goblin
Aim: a goblin, wielding a club (severely wounded)
The magic dart hits the goblin.
You kill the goblin!
You open the door.
Found a bubbling golden potion.
There is an open door here.
g - a bubbling golden potion
Found a scroll labeled MONULAZIRPH.
Found a stone staircase leading down.
h - a scroll labeled MONULAZIRPH
There is a stone staircase leading down here.
An adder comes into view.
There is a stone staircase leading down here.
You climb downwards.
There is a stone staircase leading up here.
Unknown command.
Magic restored.
Found a scroll labeled QIUWNA ABUESOL.
Found a ring mail.
Found a stone staircase leading down.
i - a scroll labeled QIUWNA ABUESOL
Found 8 gold pieces.
You now have 13 gold pieces (gained 8).
Found 10 gold pieces.
You now have 23 gold pieces (gained 10).
You open the door.
Found a pair of runed gloves, a white potion and a lumpy purple potion.
Unknown command.
A bullfrog comes into view.
There is an open door here.
It was a potion of mutation.
You feel extremely strange.
You feel a little pissed off.
Your vision blurs.
You feel clever.
You feel resistant to hostile enchantments.
It was a potion of heal wounds.
That seemed strangely inert.
The bullfrog gives a loud, deep croak!
There is an open door here.
Casting: Magic Dart
Confirm with . or Enter, or press ? or * to list all spells.
Aiming: Magic Dart
Press: ? - help, Shift-Dir - straight line, f - bullfrog
Aim: a bullfrog The magic dart hits the bullfrog.
The bullfrog is lightly wounded.
Casting: Magic Dart
Confirm with . or Enter, or press ? or * to list all spells.
Aiming: Magic Dart
Press: ? - help, Shift-Dir - straight line, f/p - bullfrog
Aim: a bullfrog (lightly wounded)
The magic dart hits the bullfrog.
The bullfrog is moderately wounded.
The bullfrog hits you!
You hit the bullfrog.
The bullfrog is heavily wounded.
The bullfrog hits you!
* * * LOW HITPOINT WARNING * * *
The bullfrog hits you.
You die...

#..# ##..#
####...#
##......#
#...###.#
#...# #.#
#...# #+#####
#...##.......
#....@.[...!.
#...##F......
#...# ....!..
#...# .......
##### .......
.......
.......
#######


You could see a bullfrog.

Vanquished Creatures
  3 goblins
  A hobgoblin (D:1)
  A kobold (D:1)
  3 bats (D:1)
8 creatures vanquished.

Notes
Turn   | Place    | Note
-------+----------+-------------------------------------------
     0 | D:1      | tidbits the Vine Stalker Wizard began the quest for the Orb.
     0 | D:1      | Reached XP level 1. HP: 9/9 MP: 5/5
   104 | D:1      | Reached skill level 3 in Stealth
   104 | D:1      | Reached XP level 2. HP: 12/14 MP: 0/7
   108 | D:1      | Learned a level 2 spell: Call Imp
   182 | D:2      | Reached skill level 1 in Fighting
   274 | D:3      | Noticed a bullfrog
   276 | D:3      | Gained mutation: You tend to lose your temper in combat. [potion of mutation]
   276 | D:3      | Gained mutation: Scrolls take you a little longer to read. [potion of mutation]
   276 | D:3      | Gained mutation: Your mind is acute. (Int +2) [potion of mutation]
   276 | D:3      | Gained mutation: You are resistant to hostile enchantments. (MR+) [potion of mutation]
   281 | D:3      | Slain by a bullfrog

Skill      XL: |  1  2 |
---------------+-------+-----
Stealth        | 3 |  3.1
Fighting       | 1 |  1.0
Dodging        | |  1.5
Spellcasting   | |  3.2
Conjurations   | |  1.0
Summonings     | |  1.0
Translocations | |  1.0

Action                   || total
-------------------------++-------
Melee: Club              ||     5
 Cast: Magic Dart        ||    16
  Use: Potion            ||     2
 Stab: Sleeping          ||     1
Dodge: Dodged            ||     4

Table legend:
 A = Turns spent in this place as a percentage of turns spent in the entire game.
 B = Non-inter-level travel turns spent in this place as a percentage of non-inter-level travel turns spent in the entire game.
 C = Inter-level travel turns spent in this place as a percentage of turns spent in this place.
 D = Turns resting spent in this place as a percentage of non-inter-level travel turns spent in this place.
 E = Turns spent auto-exploring this place as a percentage of non-inter-level travel turns spent in this place.
 F = Non-inter-level travel turns spent in this place divided by the number of levels of this place that you've seen.
                   A       B       C       D       E      F
               +-------+-------+-------+-------+-------+----------------------
         Total | 100.0 | 100.0 |   0.0 |   0.0 |   0.0 |  93.7
       Dungeon | 100.0 | 100.0 |   0.0 |   0.0 |   0.0 |  93.7
               +-------+-------+-------+-------+-------+----------------------

Table legend:
 A = Kills in this place as a percentage of kills in entire the game.
 B = Kills by you in this place as a percentage of kills by you in the entire game.
 C = Kills by friends in this place as a percentage of kills by friends in the entire game.
 D = Other kills in this place as a percentage of other kills in the entire game.
 E = Experience gained in this place as a percentage of experience gained in the entire game.
 F = Experience gained in this place divided by the number of levels of this place that you have seen.
                   A       B       C       D       E      F
               +-------+-------+-------+-------+-------+----------------------
         Total | 100.0 | 100.0 |   N/A |   N/A | 100.0 |   4.7
       Dungeon | 100.0 | 100.0 |   N/A |   N/A | 100.0 |   4.7
               +-------+-------+-------+-------+-------+----------------------

Vault maps used:
D:1:      co_arrival_two_rings, minivault_27, minmay_vboxes
D:2:      grunt_temple_overflow_octagram
